 Seeded DCSS version 0.32-a0-900-g30fb1b0edc (webtiles) character file.

Game seed: 17073724502869601980 (custom seed)

168 timneilson the Sneak (level 5, 0/30 HPs)
             Began as a Kobold Enchanter on Apr 5, 2024.
             Slain by a gnoll
             ... wielding a +0 spear
              (7 damage)
             ... on level 4 of the Dungeon.
             The game lasted 00:06:45 (3197 turns).

timneilson the Sneak (Kobold Enchanter)             Turns: 3197, Time: 00:06:45

Health: 0/30       AC:  5    Str:  6    XL:     5   Next: 78%
Magic:  0/9        EV: 15    Int: 16    God:
Gold:   1320       SH:  0    Dex: 17    Spells: 7/9 levels left

rFire   . . .        a - +1 dagger
rCold   . . .        (no shield)
rNeg    . . .        b - +1 robe
rPois   .            i - +2 hat
rElec   .            (no cloak)
rCorr   .            (no gloves)
SInv    +            (no boots)
Will    .....        (no amulet)
Stlth   ++++         l - ring of see invisible
HPRegen 0.25/turn    (no ring)
MPRegen 0.11/turn

%: no passive effects
@: studying Shapeshifting
A: small, no large weapons, nightstalker 3
a: no special abilities


You were on level 4 of the Dungeon.
You visited 1 branch of the dungeon, and saw 4 of its levels.

You collected 1320 gold pieces.

Inventory:

Hand Weapons
 a - a +1 dagger (weapon)
Armour
 b - a +1 robe (worn)
 i - a +2 hat (worn)
Jewellery
 l - a ring of see invisible (left hand)
 n - a ring of resist corrosion
Wands
 k - a wand of roots (21)
Scrolls
 m - a scroll of fear
Potions
 c - 2 potions of invisibility
 d - a potion of haste {unknown}
 e - a potion of mutation {unknown}
 f - 2 potions of might {unknown}
 g - 2 potions of lignification {unknown}
 h - a potion of curing
 j - a potion of berserk rage {unknown}
 o - a potion of ambrosia {unknown}


   Skills:
 + Level 1.7 Fighting
 * Level 3.2 Short Blades
 + Level 1.1 Armour
 * Level 3.8 Dodging
 + Level 4.6 Stealth
 + Level 2.7 Spellcasting
 - Level 3.0 Hexes
 + Level 1.0 Ice Magic
 + Level 0.3 Evocations


You had 7 spell levels left.
You knew the following spells:

 Your Spells              Type           Power      Damage    Failure   Level
a - Ensorcelled Hibernat  Hex/Ice        16%        N/A       13%         2

Your spell library contained the following spells:

 Spells                   Type           Power      Damage    Failure   Level
 Confusing Touch          Hex            11%        N/A       17%         3
 Tukima's Dance           Hex            11%        N/A       17%         3
 Dazzling Flash           Conj/Hex       12%        N/A       30%         3


Dungeon Overview and Level Annotations

Branches:
Dungeon (4/15)
 Temple: D:4-7

Altars:
Vehumet


Innate Abilities, Weirdness & Mutations

You are small and have problems with some larger weapons.
You are completely attuned to the shadows.


Message History

The gnoll hits you with a +0 spear.
You hit the gnoll.
The gnoll is moderately wounded.
The gnoll misses you.
You hit the gnoll but do no damage.
The gnoll is moderately wounded.
The gnoll misses you.
You closely miss the gnoll.
The gnoll is moderately wounded.
The gnoll barely misses you.
You barely miss the gnoll.
The gnoll is moderately wounded.
You hit the gnoll but do no damage.
The gnoll is moderately wounded.
The gnoll closely misses you.
You closely miss the gnoll.
The gnoll is moderately wounded.
The gnoll barely misses you.
You hit the gnoll.
The gnoll is heavily wounded.
The gnoll hits you with a +0 spear.
* * * LOW HITPOINT WARNING * * *
Casting: Ensorcelled Hibernation (safe; 13% risk of failure)
Confirm with . or Enter, or press ? or * to list all spells.
Aiming: Ensorcelled Hibernation (safe; 13% risk of failure)
Press: ? - help, Shift-Dir - straight line, f/p - gnoll
Aim: a gnoll, wielding a +0 spear (heavily wounded, chance to affect: 50%)
The gnoll resists with some effort.
The gnoll misses you.
You hit the gnoll.
The gnoll is severely wounded.
The gnoll hits you with a +0 spear.
* * * LOW HITPOINT WARNING * * *
You feel better. The gnoll hits you with a +0 spear.
* * * LOW HITPOINT WARNING * * *
You hit the gnoll but do no damage.
The gnoll is severely wounded.
You hit the gnoll but do no damage.
The gnoll is severely wounded.
The gnoll hits you with a +0 spear!
You die...

+........#.....#......
#........'.....#......
#....####...###......
##..†.##########......
......................
......................
......................
##...###...####.##....
##...##########@##....
..........%.#...g+ ..
............#..).#
............#....#
............#.<..#
...........##...##
#....##...#
#....##...#
..........+


You could see a gnoll.

Vanquished Creatures
  3 gnolls (D:4)
  6 adders
  2 dart slugs (D:2)
  An orc (D:3)
  7 endoplasms
  5 giant cockroaches
  7 hobgoblins
  11 jackals
  2 quokkas (D:2)
  A ball python (D:3)
  11 bats
  7 frilled lizards
  4 goblins
  6 kobolds
  5 rats
78 creatures vanquished.

Notes
Turn   | Place    | Note
-------+----------+-------------------------------------------
     0 | D:1      | timneilson the Kobold Enchanter began the quest for the
                  | Orb.
     0 | D:1      | Reached XP level 1. HP: 10/10 MP: 3/3
   109 | D:1      | Identified a scroll of acquirement
   109 | D:1      | Acquired 1202 gold pieces
   260 | D:1      | Reached XP level 2. HP: 15/15 MP: 5/5
   995 | D:2      | Learned a level 2 spell: Ensorcelled Hibernation
  1019 | D:2      | Reached XP level 3. HP: 20/20 MP: 6/6
  1156 | D:2      | Reached skill level 1 in Fighting
  1471 | D:2      | Reached XP level 4. HP: 25/25 MP: 7/7
  2135 | D:3      | Found a faded altar of an unknown god.
  2175 | D:3      | Reached XP level 5. HP: 29/29 MP: 8/8
  2198 | D:3      | Reached skill level 1 in Armour
  2500 | D:3      | Found a radiant altar of Vehumet.
  3056 | D:4      | Acquired a manual of Shapeshifting
  3164 | D:4      | Reached skill level 1 in Ice Magic
  3194 | D:4      | HP: 1/30 [gnoll/+0 spear (5)]
  3197 | D:4      | Slain by a gnoll

Illustrated notes

Levels and vault maps discovered:
D:1:      lightli_arrival_windingriver, layout_loops_ring
D:2:      layout_basic, dk_noncrumbling_3
D:3:      layout_loops_corners, mainiacjoe_overflow_boulevard,
          shapermc_ecumenical_altar_gd, minmay_misc_feat_alley, st_stairs_8
D:4:      layout_gridville, lemuel_flame_loot_1

Skill      XL: |  1  2  3  4  5 |
---------------+----------------+-----
Short Blades   | 2 3 |  3.2
Dodging        | 3 |  3.8
Fighting       | 1 |  1.7
Armour         | 1 |  1.1
Ice Magic      | 1 |  1.0
Stealth        | |  4.6
Spellcasting   | |  2.7
Hexes          | |  3.0
Evocations     | |  0.3

Action                     |  1- 3 |  4- 6 || total
---------------------------+-------+-------++-------
  Melee: Dagger            |   125 |   151 ||   276
   Cast: Ensorcelled Hiber |       |     5 ||     5
    Use: Scroll            |     3 |     3 ||     6
         Potion            |       |     2 ||     2
   Stab: Sleeping          |    22 |    21 ||    43
 Armour: Robe              |    53 |    62 ||   115
  Dodge: Dodged            |   123 |    79 ||   202

Table legend: (Time is in decaauts)
 A = Elapsed time spent in this place.
 B = Non-inter-level travel time spent in this place.
 C = Inter-level travel time spent in this place.
 D = Time resting spent in this place.
 E = Time spent auto-exploring this place.
 F = Levels seen in this place.
 G = Mean time per level.
                   A        B        C        D        E       F      G
               +--------+--------+--------+--------+--------+-----+--------+
         Total |   3175 |   3072 |    103 |     51 |   2297 |   4 |  793.8 |
       Dungeon |   3175 |   3072 |    103 |     51 |   2297 |   4 |  793.8 |
               +--------+--------+--------+--------+--------+-----+--------+

Top non-repeatable levels by time:
     D:3: 1066 daAuts
     D:2: 1006 daAuts
     D:1: 939 daAuts
     D:4: 163 daAuts
